 Dungeon Crawl Stone Soup version 0.29-a0-887-gcbe080d7e0 (webtiles) character file.

Game seed: 3943155431192282207

732562 avis the Crack Shot (level 27, -6/254 HPs)
             Began as a Demigod Ice Elementalist on July 15, 2022.
             Mangled by a sixfirhy (12 damage)
             ... led by a cacodemon
             ... while paralysed by a floating eye
             ... in Pandemonium on July 21, 2022.
             The game lasted 21:14:35 (117798 turns).

avis the Crack Shot (Demigod Ice Elementalist)    Turns: 117798, Time: 21:14:36

Health: -6/254     AC: 37    Str:  8      XL:     27
Magic:  35/52      EV: -1    Int: 13 (19) God:
Gold:   2655       SH:  0    Dex: 48      Spells: 20/48 levels left

rFire   + . .      SeeInvis +   b - +3 eudemon blade (holy)
rCold   + . .      Faith    .   (no shield)
rNeg    + . .      Spirit   .   K - +5 steam dragon scales
rPois   +          Reflect  .   y - +2 hat {Stlth+}
rElec   .          Harm     .   E - +2 cloak {rCorr}
rCorr   +          Rampage  .   A - +2 pair of gloves {Str+3}
Will    ++...      Clarity  +   N - +2 pair of boots {Fly}
Stlth   +++++++...              L - amulet of Peyxae {rN+ Regen+}
HPRegen 1.32/turn               d - ring "Gigug" {rC+ Int+4 Dex-2 SInv}
MPRegen 0.33/turn               Q - ring "Jitynus" {Wiz rPois rF+ MP+9 SInv}

@: paralysed, ice-armoured, about to teleport, portalling projectiles, flying,
constricted, studying Spellcasting
A: high MP 1, forlorn, divine attributes, iridescent scales 1, clarity,
deterioration 1, dopey 1, screaming 1, weak 2, MP-powered wands
}: 5/15 runes: serpentine, barnacled, slimy, silver, abyssal
a: no special abilities


You were in Pandemonium.
You visited 12 branches of the dungeon, and saw 56 of its levels.
You visited Pandemonium 2 times, and saw 6 of its levels.
You visited the Abyss 1 time.
You visited 2 bazaars.
You also visited: Ice Cave and Wizlab.

You collected 13457 gold pieces.
You spent 10802 gold pieces at shops.

Inventory:

Hand Weapons
 a - the +10 longbow "Miyxuriph" {holy, rElec rF+ Stlth+}
   (You bought it in a shop on level 2 of the Depths)

   It has been blessed by the Shining One, and any ammunition fired from it
   causes great damage to the undead and demons.
   rF:        It protects you from fire.
   rElec:     It insulates you from electricity.
   Stlth:     It makes you more stealthy.
 b - a +3 eudemon blade of holy wrath (weapon)
 c - the +10 scimitar "Icycuipp" {vamp, Will++}
   (You bought it in a shop in a bazaar)

   It occasionally heals its wielder for a portion of the damage dealt when it
   wounds a living foe.
   Will:      It greatly increases your willpower.
 w - the +12 pair of quick blades "Gyre" and "Gimble" {protect}
   (You found it on level 1 of the Shoals)

   It grants its wielder temporary protection when it strikes (+7 to AC).
Missiles
 U - 5 throwing nets
Armour
 y - a +2 hat of stealth (worn)
 A - a +2 pair of gloves of strength (worn)
 E - a +2 cloak of preservation (worn)
 K - +5 steam dragon scales (worn)
 N - a +2 pair of boots of flying (worn)
Jewellery
 d - the ring "Gigug" (left hand) {rC+ Int+4 Dex-2 SInv}
   (You took it off a deep elf high priest on level 3 of the Elven Halls)

   [ring of protection from cold]

   Int:       It affects your intelligence (+4).
   Dex:       It affects your dexterity (-2).
   rC:        It protects you from cold.
   SInv:      It lets you see invisible.
 L - the amulet of Peyxae (around neck) {rN+ Regen+}
   (You found it on level 5 of the Pits of Slime)

   [amulet of regeneration]

   rN:        It protects you from negative energy.
   Regen:     It increases your rate of health regeneration.
 Q - the ring "Jitynus" (right hand) {Wiz rPois rF+ MP+9 SInv}
   (You found it on level 3 of the Elven Halls)

   [ring of wizardry]

   It improves your spell success rate.
   rF:        It protects you from fire.
   rPois:     It protects you from poison.
   MP:        It affects your magic capacity (+9).
   SInv:      It lets you see invisible.
Wands
 h - a wand of polymorph (24)
 j - a wand of digging (5)
 C - a wand of flame (50)
 P - a wand of light (36)
 T - a wand of charming (37)
 W - a wand of mindburst (44)
 Z - a wand of iceblast (16)
Scrolls
 e - 3 scrolls of magic mapping
 i - 9 scrolls of fog
 l - 14 scrolls of fear
 o - 34 scrolls of teleportation
 s - 9 scrolls of blinking
 X - 4 scrolls of summoning
Potions
 f - 12 potions of mutation
 k - 2 potions of berserk rage
 n - 8 potions of brilliance
 p - 33 potions of curing
 q - 3 potions of invisibility
 r - 11 potions of lignification
 t - 7 potions of ambrosia
 u - 6 potions of magic
 x - 9 potions of might
 z - 10 potions of haste
 B - 5 potions of resistance
 D - 11 potions of heal wounds
 G - 8 potions of cancellation
Miscellaneous
 R - a phantom mirror
 Y - a lightning rod (4/4)


   Skills:
 - Level 22.0 Fighting
 - Level 6.0(14.1) Short Blades
 - Level 19.6(20.0) Long Blades
 - Level 26.0 Ranged Weapons
 * Level 13.1 Armour
 - Level 22.0 Dodging
 - Level 10.0 Stealth
 - Level 11.0 Spellcasting
 - Level 2.0 Conjurations
 - Level 2.0 Hexes
 - Level 2.0 Translocations
 - Level 2.0 Transmutations
 - Level 16.0 Ice Magic
 - Level 3.0 Air Magic
 - Level 2.0 Poison Magic
 - Level 10.0 Evocations


You had 20 spell levels left.
You knew the following spells:

 Your Spells              Type           Power      Damage    Failure   Level
b - Blink                 Tloc           24%        N/A       2%          2
e - Wereblood             Tmut           12%        N/A       2%          2
h - Ensorcelled Hibernat  Hex/Ice        60%        N/A       1%          2
m - Mephitic Cloud        Conj/Pois/Air  13%        N/A       4%          3
o - Ozocubu's Armour      Ice            48%        N/A       1%          3
p - Portal Projectile     Hex/Tloc       24%        N/A       5%          3
r - Frozen Ramparts       Ice            96%        1d11      1%          3
s - Swiftness             Air            14%        N/A       3%          3
O - Ozocubu's Refrigerat  Ice            24%        4d9       4%          7

Your spell library contained the following spells:

 Spells                   Type           Power      Damage    Failure   Level
 Freeze                   Ice            100%       1d11      0%          1
 Apportation              Tloc           24%        N/A       1%          1
 Beastly Appendage        Tmut           24%        N/A       1%          1
 Shock                    Conj/Air       52%        1d6       1%          1
 Slow                     Hex            48%        N/A       1%          1
 Hailstorm                Conj/Ice       30%        3d8       1%          4
 Ice Form                 Ice/Tmut       30%        N/A       1%          4
 Summon Ice Beast         Ice/Summ       27%        N/A       1%          4
 Foxfire                  Conj/Fire      36%        2x1d5     2%          1
 Poisonous Vapours        Pois/Air       26%        N/A       2%          2
 Metabolic Englaciation   Hex/Ice        15%        N/A       2%          5
 Necrotise                Necr           28%        1d5       4%          1
 Summon Small Mammal      Summ           28%        N/A       4%          1
 Confusing Touch          Hex            12%        N/A       5%          3
 Dazzling Flash           Conj/Hex       24%        N/A       5%          3
 Gell's Gravitas          Tloc           12%        N/A       5%          3
 Spider Form              Tmut/Pois      12%        N/A       5%          3
 Teleport Other           Tloc           12%        N/A       5%          3
 Tukima's Dance           Hex            12%        N/A       5%          3
 Sublimation of Blood     Necr           7%         N/A       6%          2
 Freezing Cloud           Conj/Ice/Air   12%        6-21      6%          5
 Ignite Poison            Fire/Tmut/Pois 10%        N/A       8%          3
 Conjure Flame            Conj/Fire      9%         6-21      9%          3
 Inner Flame              Hex/Fire       9%         N/A       9%          3
 Stone Arrow              Conj/Erth      18%        3d8       9%          3
 Summon Guardian Golem    Hex/Summ       9%         N/A       9%          3
 Call Canine Familiar     Summ           7%         N/A       12%         3
 Vampiric Draining        Necr           7%         2d6       12%         3
 Airstrike                Air            7%         0-3+      12%         4
 Cause Fear               Hex            6%         N/A       17%         4
 Fulminant Prism          Conj/Hex       6%         3d7       17%         4
 Iskenderun's Mystic Bla  Conj/Tloc      12%        2d5       17%         4
 Passage of Golubria      Tloc           12%        N/A       17%         4
 Corpse Rot               Necr/Pois/Air  11%        N/A       21%         4
 Summon Lightning Spire   Summ/Air       11%        N/A       21%         4
 Simulacrum               Ice/Necr       13%        N/A       22%         6
 Anguish                  Hex/Necr       4%         N/A       26%         4
 Flame Wave               Conj/Fire      9%         2d5       26%         4
 Leda's Liquefaction      Hex/Erth       4%         N/A       26%         4
 Petrify                  Tmut/Erth      9%         N/A       26%         4
 Animate Armour           Summ/Erth      14%        N/A       36%         4
 Silence                  Hex/Air        6%         N/A       36%         5
 Alistair's Intoxication  Tmut/Pois      8%         N/A       43%         5
 Blade Hands              Tmut           6%         N/A       43%         5
 Irradiate                Conj/Tmut      6%         3d13      43%         5
 Iskenderun's Battlesphe  Conj           12%        2d7       43%         5
 Manifold Assault         Tloc           12%        N/A       43%         5
 Yara's Violent Unravell  Hex/Tmut       6%         3d5       43%         5
 Summon Forest            Summ/Tloc      4%         N/A       56%         5
 Summon Mana Viper        Hex/Summ       9%         N/A       56%         5
 Agony                    Necr           7%         N/A       69%         5
 Borgnjor's Vile Clutch   Necr/Erth      3%         N/A       69%         5
 Lee's Rapid Deconstruct  Erth           3%         3d6*      69%         5
 Conjure Ball Lightning   Conj/Air       6%         3x3d6     89%         6
 Dispersal                Tloc           6%         N/A       92%         6
 Eringya's Noxious Bog    Tmut/Pois      6%         N/A       92%         6
 Iron Shot                Conj/Erth      4%         9d2       98%         6
 Statue Form              Tmut/Erth      6%         N/A       98%         6
 Polar Vortex             Ice            24%        N/A       99%         9
 Enfeeble                 Hex            6%         N/A       100%        7
 Haunt                    Necr/Summ      3%         N/A       100%        7
 Malign Gateway           Summ/Tloc      4%         N/A       100%        7
 Monstrous Menagerie      Summ           3%         N/A       100%        7
 Spellforged Servitor     Conj/Summ      4%         N/A       100%        7
 Storm Form               Tmut/Air       6%         N/A       100%        7
 Summon Hydra             Summ           3%         N/A       100%        7
 Borgnjor's Revivificati  Necr           3%         N/A       100%        8
 Discord                  Hex            6%         N/A       100%        8
 Disjunction              Tloc           6%         N/A       100%        8
 Infestation              Necr           3%         N/A       100%        8
 Lehudib's Crystal Spear  Conj/Erth      4%         10d3      100%        8
 Maxwell's Capacitive Co  Air            7%         ∞         100%        8
 Necromutation            Tmut/Necr      4%         N/A       100%        8
 Summon Horrible Things   Summ           3%         N/A       100%        8
 Chain Lightning          Conj/Air       6%         3d8       100%        9
 Death's Door             Necr           3%         N/A       100%        9
 Fire Storm               Conj/Fire      4%         8d1       100%        9
 Shatter                  Erth           3%         3d7*      100%        9


Dungeon Overview and Level Annotations

Branches:
Dungeon (15/15)            Temple (1/1) D:5            Lair (6/6) D:9
 Shoals (4/4) Lair:2        Snake (4/4) Lair:2        Slime (5/5) Lair:6
    Orc (2/2) D:9             Elf (3/3) Orc:2        Vaults (5/5) D:14
  Crypt (3/3) Vaults:2       Tomb (0/3) Crypt:3      Depths (4/4) D:15
    Zot (4/5) Depths:4      IceCv (visited)          WizLab (visited)

Shops:
D:2 *   D:4 *   D:5 :   D:9 ([   D:14 *   Orc:2 ![*!   Elf:1 (   Elf:3 (
Shoals:4 *   Snake:1 =*   Vaults:1 (   Vaults:5 *   Depths:2 *?

Portals:
Hell: Depths:1 Depths:2 Depths:3 Depths:4
Abyss: Depths:3
Pandemonium: Depths:2
Ziggurat: Depths:3

Annotations:
Pan Mnoleg


Innate Abilities, Weirdness & Mutations

You have an increased reservoir of magic. (+10% MP)
You shall have no god before yourself.
Your divine heritage dramatically boosts your attributes as you level up.
You are partially covered in iridescent scales. (AC +2)
You possess an exceptional clarity of mind.
Your body sometimes deteriorates upon taking damage.
You are dopey. (Int -2)
You occasionally shout uncontrollably at your foes.
You are very weak. (Str -4)
You expend magic power (3 MP) to strengthen your wands.


Message History

The tentacled monstrosity misses you. x2
The tentacled monstrosity constricts you.
* * * LOW HITPOINT WARNING * * *
A cacodemon comes into view.
The brown very ugly thing completely misses you.
The large abomination hits you!!
* * * LOW HITPOINT WARNING * * *
The floating eye seems to glare at you.
Found 2 potions of flight.
The +10 longbow "Miyxuriph" {holy, rElec rF+ Stlth+} stops glowing.
Your +3 eudemon blade of holy wrath softly glows with a divine radiance!
b - a +3 eudemon blade of holy wrath (weapon)
You carve the tentacled monstrosity like a ham!!!
The tentacled monstrosity convulses!!!
The tentacled monstrosity is almost dead.
You hear a shout!
The floating eye gazes piercingly through you!
You suddenly lose the ability to move!
The tentacled monstrosity tentacle-slaps you!
* * * LOW HITPOINT WARNING * * *
The tentacled monstrosity tentacle-slaps you but does no damage.
The tentacled monstrosity completely misses you.
The tentacled monstrosity constricts you.
* * * LOW HITPOINT WARNING * * *
The neqoxec gestures at you.
Something tries to feed on your intellect!
The cacodemon hits you.
* * * LOW HITPOINT WARNING * * *
The cacodemon hits you but does no damage.
The cacodemon gestures next to the floating eye.
Some weird stuff shatters into small pieces.
The brown very ugly thing claws you!
* * * LOW HITPOINT WARNING * * *
You are splashed with acid.
You resist.
* * * LOW HITPOINT WARNING * * *
A sixfirhy comes into view.
The sixfirhy hits you.
* * * LOW HITPOINT WARNING * * *
The sixfirhy shocks you!
You die...

.. #......X.X2......
.....# #......2.X.X....
......#####....X#.....#.
...2......####..##...##
........Xu2X3...3.....3.
.44G.#uGX233.......... '
#42##&GXX##..#.....#.
....#.2#XX####..#.....#
......3@uX# ..u#.....#
.......#X## ..u# ...#
.......### .... ..#
#...... ...# ####'3.
...2 ..... ...!.'


You could see Mnoleg, 2 tentacled monstrosities, a brown very ugly thing
(resistant), 6 cacodemons, 2 ugly things, a shining eye (summoned, strong), 3
orange demons, 7 large abominations, 2 sixfirhies, 3 neqoxecs and 2 floating
eyes.

Vanquished Creatures
  the Royal Jelly (Slime:5)
  5 pandemonium lords (Pan)
  Khufu (Crypt:3)
  2 ancient liches
  A juggernaut (Depths:1)
  The ghost of Qemeisho the Slayer, a master DsGl of Makhleb (Vaults:1)
  Sojobo (Depths:1)
  Boris (twice) (Depths:3 Crypt:3)
  Saint Roka (Crypt:1)
  The ghost of Wimurch the Peltast, a veteran GnFi of Qazlal (Vaults:1)
  4 Killer Klowns
  Nikola (Shoals:1)
  5 golden dragons
  A profane servitor (Crypt:3)
  The ghost of Ceherehi the Slayer, an adept OgEn of Okawaru (Vaults:1)
  The ghost of HilariousDeathArtist the Orderly, an adept CeWn of Makhleb (Vaults:1)
  A Brimstone Fiend (Pan)
  Jory (Depths:4)
  6 bone dragons
  An Ice Fiend (Pan)
  Jorgrun (Snake:1)
  The ghost of Ulaemata the Spry, an adept HaHu of Gozag (Vaults:1)
  A Cloud Mage (WizLab)
  18 tentacled monstrosities
  6 Hell Sentinels (Pan)
  The ghost of Xafer the Impaler, an adept DsGl of Okawaru (Vaults:1)
  Asterion (Depths:2)
  11 liches
  5 titans
  A walking divine tome (Depths:1)
  5 quicksilver dragons
  2 deep elf blademasters (Elf:3)
  18 acid blobs
  The ghost of Ezureorgha the Apostate, an adept HOFi of Beogh (Vaults:1)
  2 deep elf master archers (Elf:3)
  10 Executioners (Pan)
  A kraken (Shoals:1)
  Agnes (Snake:4)
  2 ancient champions
  4 tentacled starspawn
  3 sphinxes
  6 death cobs
  Polyphemus (Shoals:2)
  9 tengu reavers
  Donald (Elf:3)
  11 shadow dragons
  Kirke (D:12)
  9 rockslimes
  9 azure jellies
  2 daevas (Abyss:3)
  4 nagarajas (Snake:4)
  12 storm dragons
  The ghost of ihfijgdoutdouutd the Marksdemigod, an adept DgHu (Shoals:1)
  9 draconian knights
  4 revenants
  4 demonspawn warmongers (Pan)
  7 draconian monks
  15 frost giants
  10 vault wardens
  6 deep elf sorcerers
  6 fire giants
  9 draconian scorchers
  3 orc warlords
  7 balrugs
  3 curse skulls
  A ghoul (Crypt:3)
  5 cacodemons (Pan)
  An iron dragon (Vaults:5)
  9 draconian shifters
  7 draconian stormcallers
  4 deep elf elementalists
  A ghost moth (Zot:4)
  2 demonspawn corrupters (Pan)
  17 ironbound preservers
  Aizul (Snake:4)
  2 angels
  29 very ugly things
  4 war gargoyles
  9 reapers
  5 spriggan defenders
  A juggernaut zombie (D:15)
  13 quicksilver oozes
  8 draconian annihilators
  18 stone giants
  3 demonspawn blood saints (Pan)
  7 ironbound thunderhulks
  15 green draconians
  10 deep elf demonologists
  12 white draconians
  8 vampire knights
  A demonspawn black sun (Pan)
  A wendigo (Depths:2)
  An entropy weaver (Vaults:1)
  4 lorocyprocas (Pan)
  6 spark wasps
  18 black draconians
  15 deep elf annihilators
  10 yellow draconians
  13 purple draconians
  18 dire elephants
  7 red draconians
  6 statues (Depths:3)
  5 eidola
  3 green deaths
  7 deep elf death magi
  13 blizzard demons
  2 mummy priests (Crypt:3)
  A shambling mangrove (Abyss:3)
  14 ettins
  18 yaktaur captains
  14 jiangshi
  Josephine (Shoals:1)
  8 merfolk impalers
  2 crystal guardians (Vaults:3)
  9 fire dragons
  4 merfolk javelineers
  10 great orbs of eyes
  6 deep elf high priests
  2 caustic shrike simulacra (IceCv)
  8 salamander tyrants
  2 spriggan zombies
  Harold (D:9)
  Erolcha (D:12)
  9 ice dragons
  4 boulder beetles
  10 hydras
  A spriggan skeleton (Crypt:2)
  An Orb Guardian zombie (Crypt:2)
  4 rakshasas
  33 vault guards
  8 merfolk avatars
  4 ogre magi
  7 spriggan air magi
  4 peacekeepers
  A fenstrider witch zombie (Crypt:1)
  A fenstrider witch skeleton (Crypt:1)
  8 ghost crabs
  Erica (D:8)
  2 catoblepae
  2 hell beasts
  12 ironbound frosthearts
  18 two-headed ogres
  6 merfolk aquamancers
  5 anacondas
  28 dancing weapons
  12 centaur warriors
  14 naga warriors
  A satyr (Shoals:3)
  13 tengu warriors
  7 deep troll earth magi
  5 death knights
  16 death yaks
  A titan zombie (Crypt:2)
  6 vampire magi
  A hell hog (Depths:1)
  10 shock serpents
  A shock serpent (shapeshifter) (Vaults:4)
  6 deep troll shamans
  6 orc high priests
  10 naga sharpshooters
  Sonja (D:12)
  Urug (Lair:1)
  16 hell knights
  3 spriggan berserkers
  A thrashing horror (Abyss:3)
  19 deep elf knights
  39 sun demons
  20 soul eaters
  9 sixfirhies
  A fire crab (Abyss:3)
  A wretched star (Abyss:2)
  A golden dragon zombie (Crypt:1)
  2 spatial maelstroms
  3 salamander mystics
  36 skeletal warriors
  3 shadow demons (Pan)
  3 shadow wraiths
  6 death drakes (WizLab)
  An iron giant zombie (Crypt:3)
  9 iron trolls
  15 sea snakes
  A storm dragon skeleton (D:15)
  5 glowing orange brains
  4 naga ritualists
  A steelbarb worm (shapeshifter) (Depths:2)
  8 phantasmal warriors
  5 starcursed masses
  12 flayed ghosts
  An obsidian statue (IceCv)
  15 orc knights
  10 spriggan simulacra
  10 lindwurms
  40 harpies
  15 ironbound convokers
  43 deep elf pyromancers
  12 necromancers
  73 deep trolls
  14 wizards
  A mana viper (shapeshifter) (Vaults:5)
  A shining eye (shapeshifter) (Vaults:5)
  18 deep elf archers
  A wolf spider (Vaults:3)
  7 mana vipers
  38 deep elf zephyrmancers
  7 shining eyes
  A stone giant zombie (Vaults:4)
  11 fauns
  A shadow dragon skeleton (Crypt:2)
  10 orc sorcerers
  46 ugly things
  7 cyclopes
  A faun (shapeshifter) (Depths:1)
  12 salamanders
  A fire giant zombie (D:15)
  21 manticores
  A moth of wrath (shapeshifter) (D:8)
  3 worldbinders
  A manticore (shapeshifter) (Vaults:1)
  23 moths of wrath
  21 large abominations
  3 oklob plants
  Maurice (D:8)
  7 merfolk sirens
  19 elephants
  An ice statue (D:11)
  9 water nymphs
  A shock serpent zombie (Crypt:1)
  19 naga magi
  21 vault sentinels
  11 orange demons
  3 naga skeletons
  An orc zombie (Crypt:2)
  2 gargoyles
  5 guardian serpents
  A stone giant skeleton (Crypt:1)
  4 eyes of devastation
  30 black mambas
  6 rust devils
  25 smoke demons
  15 apocalypse crabs
  A water nymph (shapeshifter) (Elf:2)
  2 torpor snails (Lair:6)
  An unseen horror (D:11)
  5 demonic crawlers (Pan)
  5 rime drakes
  8 komodo dragons
  7 hellions
  A rime drake (shapeshifter) (Depths:2)
  A spark wasp simulacrum (Depths:2)
  8 cane toads
  A yaktaur (shapeshifter) (Zot:1)
  A kobold demonologist (D:10)
  An efreet (D:15)
  9 tengu conjurers
  An iron giant simulacrum (Crypt:3)
  5 ice devils
  24 yaktaurs
  4 hellwings
  7 tormentors (Pan)
  14 freezing wraiths
  3 red devils (Pan)
  3 ancient zymes (Abyss:2)
  7 guardian mummies (Crypt:3)
  4 trolls
  A troll (shapeshifter) (Depths:4)
  8 entropy weaver simulacra (IceCv)
  3 golden dragon simulacra (IceCv)
  A harpy zombie (Crypt:2)
  33 merfolk
  A queen bee (Lair:3)
  A polar bear (shapeshifter) (Zot:2)
  3 meliai (D:15)
  11 polar bears
  6 wind drakes
  Grinder (D:3)
  A tyrant leech (shapeshifter) (D:13)
  A harpy skeleton (Crypt:2)
  7 hornets
  A fire giant simulacrum (Depths:2)
  87 slime creatures
  16 dream sheep
  13 blink frogs
  8 raiju
  An iron dragon simulacrum (Crypt:1)
  15 snapping turtles
  An ettin zombie (D:15)
  A frost giant simulacrum (Depths:2)
  A guardian serpent skeleton (Crypt:2)
  57 flying skulls
  2 centaur simulacra
  10 spriggans
  12 wraiths
  6 shadows
  3 dire elephant simulacra (IceCv)
  2 vampires
  16 air elementals
  6 small abominations
  5 wyverns
  5 fire bats
  3 hogs (D:12)
  20 water elementals
  25 ynoxinuls
  34 yaks
  A human (shapeshifter) (D:13)
  19 humans (D:14)
  5 golden eyes
  13 chaos spawn
  3 vampire mosquitoes (D:12)
  7 basilisks
  12 neqoxecs
  A redback (Vaults:1)
  6 minotaur simulacra (IceCv)
  3 steam dragons
  Edmund (D:6)
  14 wargs
  54 nagas
  Menkaure (D:7)
  A harpy simulacrum (IceCv)
  A swamp worm (shapeshifter) (Vaults:5)
  2 spatial vortices (Abyss:2)
  3 acid dragons
  19 water moccasins
  A glowing shapeshifter skeleton (Vaults:4)
  A floating eye (Depths:2)
  A merfolk skeleton (Crypt:1)
  20 hell hounds
  18 ice beasts
  A sky beast (D:8)
  52 orc warriors
  3 alligator simulacra (IceCv)
  14 black bears
  A hornet zombie (D:7)
  An ettin simulacrum (IceCv)
  15 ogres
  A boggart (Vaults:2)
  5 centaurs
  44 wolves
  A lindwurm skeleton (Crypt:2)
  A manticore skeleton (Crypt:1)
  A vine stalker zombie (Crypt:2)
  7 kobold brigands
  2 gnoll sergeants
  11 bullfrogs
  A glowing shapeshifter simulacrum (Vaults:4)
  4 scorpions
  5 necrophages
  3 earth elementals
  10 wights
  5 deep troll simulacra (IceCv)
  A polar bear zombie (Crypt:2)
  A human simulacrum (Vaults:4)
  38 killer bees
  A lindwurm simulacrum (IceCv)
  A troll skeleton (Crypt:1)
  8 howler monkeys
  11 electric eels
  2 quasits
  A jelly (D:8)
  A centaur zombie (D:7)
  6 hounds
  27 orc priests
  2 iron imps (Abyss:3)
  A gnoll bouda (D:4)
  A human skeleton (Crypt:1)
  3 iguanas
  31 orc wizards
  A deep dwarf skeleton (Crypt:1)
  A boggart simulacrum (D:15)
  Robin (D:2)
  9 gnolls
  5 adders
  A shadow imp (D:5)
  5 white imps
  An ufetubus (D:6)
  An iguana zombie (Crypt:2)
  A lava snake skeleton (Crypt:1)
  A worm (D:2)
  3 dart slugs
  123 orcs
  3 bats
  8 endoplasms
  3 giant cockroaches
  14 goblins
  11 hobgoblins
  6 jackals (D:1)
  22 kobolds
  4 quokkas
  9 ball pythons
  2 frilled lizards
  A hobgoblin zombie (Crypt:1)
  6 rats
  A starspawn tentacle (Abyss:2)
  A tentacle (Shoals:1)
3185 creatures vanquished.

Vanquished Creatures (others)
  A kraken (Abyss:3)
  A draconian knight (Zot:1)
  A demonspawn blood saint (Pan)
  2 blizzard demons (WizLab)
  A vampire mage (Depths:1)
  A shock serpent (WizLab)
  2 deep elf knights (Elf:2)
  2 large abominations (Pan)
  A smoke demon (Pan)
  A tormentor (Pan)
  An air elemental (WizLab)
  A ynoxinul (Pan)
  A human (D:12)
  A neqoxec (Pan)
  A small abomination (Abyss:2)
  An electric eel (D:11)
  A hell rat (Lair:6)
  An orc (D:13)
  3 ball lightnings (Elf:1)
  32 fungi
  133 plants
  9 starspawn tentacles
  17 tentacles
  4 withered plants (D:7)
219 creatures vanquished.

Grand Total: 3404 creatures vanquished

Notes
Turn   | Place    | Note
-------+----------+-------------------------------------------
     0 | D:1      | avis the Demigod Ice Elementalist began the quest for the
                  | Orb.
     0 | D:1      | Reached XP level 1. HP: 14/14 MP: 5/5
   440 | D:1      | Reached skill level 1 in Fighting
   518 | D:1      | Reached XP level 2. HP: 23/23 MP: 5/7
  2091 | D:2      | Reached XP level 3. HP: 28/28 MP: 6/8
  2176 | D:2      | Learned a level 3 spell: Ozocubu's Armour
  2310 | D:2      | Found Kyrchafry's General Store.
  2565 | D:2      | Got the Octavo of Frigid Damage Dealing
  2710 | D:2      | Noticed Robin
  2730 | D:2      | Killed Robin
  3196 | D:3      | Reached XP level 4. HP: 36/36 MP: 9/9
  3267 | D:3      | Noticed Grinder
  3682 | D:3      | Learned a level 3 spell: Frozen Ramparts
  3988 | D:4      | Reached XP level 5. HP: 37/41 MP: 7/12
  4176 | D:4      | Found Quithreak's Assorted Antiques.
  4704 | D:4      | Reached skill level 5 in Ice Magic
  4787 | D:4      | Reached XP level 6. HP: 37/48 MP: 13/13
  4866 | D:5      | Entered Level 5 of the Dungeon
  4944 | D:5      | Found Guem's Book Emporium.
  5104 | D:5      | Reached skill level 1 in Ranged Weapons
  5289 | D:5      | Reached skill level 2 in Ranged Weapons
  5726 | D:5      | Reached skill level 3 in Ranged Weapons
  5726 | D:5      | Reached XP level 7. HP: 46/55 MP: 3/14
  5856 | D:5      | Found a staircase to the Ecumenical Temple.
  5865 | Temple   | Entered the Ecumenical Temple
  6155 | D:5      | Reached skill level 4 in Ranged Weapons
  7201 | D:6      | Noticed Edmund
  7216 | D:6      | Killed Edmund
  7689 | D:6      | Reached skill level 5 in Dodging
  8138 | D:6      | Learned a level 2 spell: Wereblood
  8336 | D:7      | Reached XP level 8. HP: 60/63 MP: 10/17
  8341 | D:7      | Reached skill level 5 in Ranged Weapons
  8382 | D:7      | Reached skill level 6 in Ranged Weapons
  8555 | D:2      | Bought a +4 shortbow of flaming for 328 gold pieces
  9130 | D:7      | Reached skill level 7 in Ranged Weapons
  9292 | D:7      | Noticed Menkaure
  9297 | D:7      | Killed Menkaure
  9298 | D:7      | Reached skill level 8 in Ranged Weapons
  9322 | D:7      | Reached XP level 9. HP: 70/70 MP: 18/18
  9330 | D:7      | Noticed a gargoyle
  9362 | D:7      | Killed a gargoyle
  9452 | D:7      | Reached skill level 5 in Spellcasting
  9856 | Temple   | Upgraded the game from 0.29-a0-841-g116ddc6ace to
                  | 0.29-a0-845-g6161e89988
 10063 | D:8      | Noticed a two-headed ogre
 10069 | D:8      | Killed a two-headed ogre
 10078 | D:8      | Noticed a five-headed hydra
 10083 | D:8      | Noticed Erica
 10085 | D:8      | Noticed a two-headed ogre
 10086 | D:8      | Killed a five-headed hydra
 10087 | D:8      | Reached skill level 9 in Ranged Weapons
 10087 | D:8      | Reached XP level 10. HP: 66/78 MP: 16/21
 10095 | D:8      | Killed Erica
 10096 | D:8      | Reached skill level 10 in Ranged Weapons
 10096 | D:8      | Killed a two-headed ogre
 10251 | D:8      | Noticed a skeletal warrior
 10604 | D:3      | Paralysed by Grinder for 5 turns
 10611 | D:3      | Killed Grinder
 10666 | D:3      | Learned a level 3 spell: Swiftness
 10668 | D:3      | Learned a level 1 spell: Slow
 10817 | D:8      | Reached skill level 5 in Fighting
 10887 | D:8      | Noticed a moth of wrath
 10892 | D:8      | Killed a moth of wrath
 11288 | D:8      | Noticed Maurice
 11304 | D:8      | Killed Maurice
 11307 | D:8      | Noticed a centaur warrior
 11810 | D:8      | Killed a centaur warrior
 11811 | D:8      | Reached XP level 11. HP: 35/86 MP: 16/22
 12104 | D:8      | Killed a skeletal warrior
 13074 | D:9      | Found Xoptutzu's Armour Emporium.
 13099 | D:9      | Reached skill level 11 in Ranged Weapons
 13290 | D:9      | Found a staircase to the Orcish Mines.
 13293 | D:9      | Found Ceuxzios's Weapon Emporium.
 13426 | D:9      | Noticed Harold
 13435 | D:9      | Killed Harold
 13662 | D:9      | Found a staircase to the Lair.
 13716 | Lair:1   | Entered Level 1 of the Lair of Beasts
 14070 | Lair:1   | Reached skill level 12 in Ranged Weapons
 14236 | Lair:1   | Noticed Urug
 14265 | Lair:1   | Killed Urug
 14266 | Lair:1   | Reached skill level 5 in Long Blades
 16133 | Lair:2   | Reached skill level 1 in Air Magic
 16134 | Lair:2   | Reached skill level 1 in Transmutations
 16677 | Lair:2   | Reached XP level 12. HP: 97/97 MP: 16/23
 16896 | Lair:2   | Found a staircase to the Snake Pit.
 17442 | Lair:2   | Found a staircase to the Shoals.
 17892 | Lair:3   | Noticed a four-headed hydra
 17905 | Lair:3   | Killed a one-headed hydra
 18068 | Lair:3   | Noticed an eight-headed hydra
 18081 | Lair:3   | Killed an eight-headed hydra
 18082 | Lair:3   | Reached skill level 10 in Fighting
 21650 | Lair:5   | Reached skill level 10 in Dodging
 21650 | Lair:5   | Reached XP level 13. HP: 113/113 MP: 18/24
 22311 | Lair:5   | Reached skill level 1 in Armour
 22857 | Lair:6   | Entered Level 6 of the Lair of Beasts
 23353 | Lair:6   | Reached skill level 5 in Armour
 24218 | Lair:6   | Reached skill level 13 in Ranged Weapons
 24915 | Lair:6   | Reached skill level 14 in Ranged Weapons
 24915 | Lair:6   | Upgraded the game from 0.29-a0-845-g6161e89988 to
                  | 0.29-a0-857-g9b1aa3ac5b
 24936 | Lair:6   | Reached XP level 14. HP: 121/121 MP: 18/25
 25368 | Lair:6   | Got the Tome of Rime
 26043 | Lair:6   | Found a staircase to the Slime Pits.
 26316 | D:10     | Entered Level 10 of the Dungeon
 27555 | D:10     | Learned a level 2 spell: Ensorcelled Hibernation
 27559 | D:10     | Learned a level 3 spell: Mephitic Cloud
 28726 | D:11     | Noticed a frost giant
 28955 | D:4      | Bought a green potion for 21 gold pieces
 28955 | D:4      | Bought a potion of curing for 72 gold pieces
 28955 | D:4      | Bought a scroll of teleportation for 72 gold pieces
 28955 | D:4      | Bought a potion of berserk rage for 120 gold pieces
 28955 | D:4      | Bought a potion of brilliance for 96 gold pieces
 29032 | D:2      | Bought a +5 great sword of flaming for 464 gold pieces
 29224 | Orc:1    | Entered Level 1 of the Orcish Mines
 29365 | Orc:2    | Entered Level 2 of the Orcish Mines
 29448 | Orc:2    | Reached skill level 1 in Poison Magic
 29534 | Orc:2    | Reached skill level 1 in Hexes
 29574 | Orc:2    | Reached skill level 1 in Conjurations
 29699 | Orc:1    | Paralysed by an orc sorcerer for 4 turns
 29706 | Orc:1    | Paralysed by an orc sorcerer for 5 turns
 30872 | Orc:2    | Found Xeorik's General Store.
 30908 | Orc:2    | Bought a scroll of teleportation for 51 gold pieces
 30916 | Orc:2    | Found Icvuzil's Distillery.
 30985 | Orc:2    | Bought 2 potions of curing for 66 gold pieces
 30985 | Orc:2    | Bought a potion of curing for 33 gold pieces
 30985 | Orc:2    | Bought a potion of flight for 33 gold pieces
 30985 | Orc:2    | Bought a potion of lignification for 33 gold pieces
 30985 | Orc:2    | Bought a potion of mutation for 88 gold pieces
 30985 | Orc:2    | Bought a potion of might for 44 gold pieces
 31460 | Orc:2    | Identified the +2 chain mail of the Dropbear {rElec rC+}
 31759 | Orc:2    | Paralysed by an orc sorcerer for 3 turns
 31863 | Orc:2    | Found a staircase to the Elven Halls.
 31921 | Orc:2    | Got Cuyr's Encyclopedia of Rocky Graupel
 32047 | Orc:2    | Noticed an orc warlord
 32109 | Orc:2    | Killed an orc warlord
 32200 | Orc:2    | Found Jaemok's Distillery.
 32207 | Orc:2    | Reached XP level 15. HP: 121/132 MP: 20/26
 32335 | Orc:2    | Found Zeceem's Antique Armour Emporium.
 32343 | Orc:2    | Bought a wizard robe for 165 gold pieces
 32343 | Orc:2    | Identified the +0 robe of Plasticity {rElec Regen+} (You
                  | bought it in a shop on level 2 of the Orcish Mines)
 32958 | Orc:2    | Bought a potion of heal wounds for 80 gold pieces
 32958 | Orc:2    | Bought a potion of heal wounds for 80 gold pieces
 32958 | Orc:2    | Bought a potion of curing for 48 gold pieces
 33292 | Snake:1  | Entered Level 1 of the Snake Pit
 33370 | Snake:1  | Found Read's Assorted Antiques.
 33476 | Snake:1  | Found Zuty's Jewellery Boutique.
 33600 | Snake:1  | Noticed Jorgrun
 33619 | Snake:1  | Killed Jorgrun
 33775 | Snake:1  | Reached skill level 15 in Ranged Weapons
 34661 | Shoals:1 | Entered Level 1 of the Shoals
 34716 | Shoals:1 | Noticed a kraken
 34770 | Shoals:1 | Killed a kraken
 35147 | Shoals:1 | Reached skill level 16 in Ranged Weapons
 35243 | Shoals:1 | Found a runed translucent door.
 35259 | Shoals:1 | Identified the +6 flail "Juoroptas" {venom, rC- rN+ Dex+7}
 35323 | Shoals:1 | Noticed ihfijgdoutdouutd's ghost (adept DgHu)
 35323 | Shoals:1 | Found the +12 pair of quick blades "Gyre" and "Gimble"
                  | {protect}
 35485 | Shoals:1 | Noticed Josephine
 35493 | Shoals:1 | Killed Josephine
 35943 | Shoals:1 | Killed ihfijgdoutdouutd's ghost
 37303 | Snake:2  | Reached skill level 1 in Short Blades
 37730 | D:12     | Noticed Erolcha
 37866 | D:12     | Learned a level 2 spell: Blink
 37960 | D:12     | Noticed Kirke
 37972 | D:12     | Killed Kirke
 37973 | D:12     | Reached skill level 1 in Translocations
 38005 | D:12     | Noticed Sonja
 38012 | D:12     | Killed Sonja
 38189 | D:12     | Reached XP level 16. HP: 143/143 MP: 20/27
 38251 | D:12     | You fall into a shaft and drop 2 floors!
 38330 | D:14     | Found a frozen archway.
 38337 | D:14     | Reached skill level 5 in Short Blades
 38379 | IceCv    | Entered an ice cave
 39520 | Lair:1   | Upgraded the game from 0.29-a0-857-g9b1aa3ac5b to
                  | 0.29-a0-870-g2c972031a6
 39640 | Shoals:2 | Reached skill level 5 in Stealth
 39712 | Shoals:2 | Reached skill level 1 in Evocations
 40066 | Shoals:2 | Noticed Nikola
 40196 | Shoals:2 | Noticed Polyphemus
 40207 | Shoals:1 | Killed Nikola
 40420 | Shoals:2 | Killed Polyphemus
 40614 | Shoals:2 | Reached skill level 5 in Evocations
 41112 | Shoals:3 | Found a flickering gateway to a bazaar.
 41117 | Bazaar   | Entered a bazaar
 41119 | Bazaar   | Found Afam's Antique Weapon Shoppe.
 41131 | Bazaar   | Found Qacufea's Antique Armour Emporium.
 41137 | Bazaar   | Found Soareg's Book Emporium.
 41148 | Bazaar   | Found Yjofese's Armour Emporium.
 41191 | Bazaar   | Bought a glowing cloak for 112 gold pieces
 41307 | Shoals:3 | Reached skill level 10 in Long Blades
 42520 | Snake:3  | Reached XP level 17. HP: 142/149 MP: 16/28
 44291 | Snake:4  | Entered Level 4 of the Snake Pit
 44421 | Snake:4  | Identified the +1 ring mail of Wezuiss {Fly rElec rPois
                  | rC-}
 44560 | Snake:4  | Noticed Aizul
 44576 | Snake:4  | Killed Aizul
 44586 | Snake:4  | Noticed Agnes
 44596 | Snake:4  | Killed Agnes
 45457 | Snake:4  | Reached skill level 10 in Ice Magic
 45890 | Lair:1   | Learned a level 5 spell: Metabolic Englaciation
 46669 | Snake:4  | Got a serpentine rune of Zot
 47478 | D:12     | Killed Erolcha
 47670 | D:12     | Identified a scroll of acquirement
 47753 | D:12     | Acquired 349 gold pieces
 47915 | Snake:1  | Bought a scroll of enchant armour for 255 gold pieces
 47915 | Snake:1  | Bought a scroll of enchant armour for 255 gold pieces
 47993 | Lair:1   | Learned a level 7 spell: Ozocubu's Refrigeration
 48979 | Shoals:4 | Entered Level 4 of the Shoals
 48979 | Shoals:4 | Found Lenwal's General Store.
 49968 | Shoals:4 | Reached XP level 18. HP: 157/157 MP: 27/30
 50073 | Shoals:4 | Got a barnacled rune of Zot
 50365 | Shoals:4 | Identified the +2 scale mail of the Kangaroo {rN+ Will-
                  | Dex+8}
 52012 | D:13     | Found a runed translucent door.
 52842 | D:13     | Identified the ring "Afushuch" {Wiz Dex+2}
 52899 | D:13     | Got Gecrux's Tractate on Earthen Calefaction
 53263 | D:13     | Reached skill level 15 in Ice Magic
 53414 | D:14     | Found Osivemyn's General Store.
 53801 | D:14     | Found a gate to the Vaults.
 54725 | Vaults:1 | Entered Level 1 of the Vaults
 55721 | Vaults:1 | Reached skill level 15 in Dodging
 56189 | Vaults:1 | Found Ahithaem's Antique Weapon Shoppe.
 56277 | Vaults:1 | Found a huge runed gate.
 56277 | Vaults:1 | Found a huge runed gate.
 56277 | Vaults:1 | Found a huge runed gate.
 56277 | Vaults:1 | Found a huge runed gate.
 56277 | Vaults:1 | Found a huge runed gate.
 56277 | Vaults:1 | Found a huge runed gate.
 56277 | Vaults:1 | Found a huge runed gate.
 56278 | Vaults:1 | Found a huge runed gate.
 56278 | Vaults:1 | Found a huge runed gate.
 56278 | Vaults:1 | Found a huge runed gate.
 56286 | Vaults:1 | Noticed Ulaemata's ghost (adept HaHu)
 56286 | Vaults:1 | Noticed Wimurch's ghost (veteran GnFi)
 56286 | Vaults:1 | Noticed Xafer's ghost (adept DsGl)
 56286 | Vaults:1 | Noticed Ceherehi's ghost (adept OgEn)
 56286 | Vaults:1 | Noticed HilariousDeathArtist's ghost (adept CeWn)
 56286 | Vaults:1 | Noticed Qemeisho's ghost (master DsGl)
 56287 | Vaults:1 | Noticed Ezureorgha's ghost (adept HOFi)
 56519 | Vaults:1 | Killed HilariousDeathArtist's ghost
 56698 | Vaults:1 | Killed Wimurch's ghost
 56845 | Vaults:1 | Killed Xafer's ghost
 57013 | Vaults:1 | Killed Qemeisho's ghost
 57116 | Vaults:1 | Reached skill level 17 in Ranged Weapons
 57247 | Vaults:1 | Killed Ceherehi's ghost
 57353 | Vaults:1 | Killed Ezureorgha's ghost
 57513 | Vaults:1 | Killed Ulaemata's ghost
 57585 | Vaults:1 | Reached XP level 19. HP: 100/163 MP: 28/31
 57988 | Lair:1   | Upgraded the game from 0.29-a0-870-g2c972031a6 to
                  | 0.29-a0-872-g797fff5ad1
 58586 | Vaults:1 | Bought a runed long sword for 214 gold pieces
 58586 | Vaults:1 | Bought a glowing arbalest for 247 gold pieces
 60363 | Vaults:2 | Reached skill level 18 in Ranged Weapons
 61012 | Vaults:2 | Found a staircase to the Crypt.
 62156 | Vaults:3 | Reached skill level 19 in Ranged Weapons
 63093 | Vaults:3 | Reached skill level 20 in Ranged Weapons
 63775 | Lair:1   | Acquired a +4 hand crossbow of freezing
 64271 | Vaults:3 | Reached XP level 20. HP: 167/171 MP: 27/32
 64636 | Vaults:3 | Reached skill level 21 in Ranged Weapons
 66923 | Vaults:4 | Reached skill level 22 in Ranged Weapons
 68090 | D:15     | Entered Level 15 of the Dungeon
 68643 | D:15     | Found a staircase to the Depths.
 69503 | D:14     | Bought a +4 scimitar of draining for 321 gold pieces
 69626 | Lair:1   | Learned a level 3 spell: Portal Projectile
 69721 | Elf:1    | Entered Level 1 of the Elven Halls
 69814 | Elf:1    | Found Qyshin's Antique Weapon Boutique.
 69959 | Elf:1    | You fall into a shaft and drop 1 floor!
 70067 | Elf:2    | Reached skill level 15 in Fighting
 70483 | Elf:1    | Reached XP level 21. HP: 167/184 MP: 36/36
 70799 | Elf:1    | Got Taasiq's Lectures on Hurting and the Union
 71259 | Lair:1   | Upgraded the game from 0.29-a0-872-g797fff5ad1 to
                  | 0.29-a0-878-g7b45a56547
 71527 | Vaults:5 | Entered Level 5 of the Vaults
 72161 | Vaults:5 | Noticed a golden dragon
 72174 | Vaults:5 | Killed a golden dragon
 72805 | Vaults:5 | Noticed an ancient lich
 72819 | Vaults:5 | Killed an ancient lich
 72820 | Vaults:5 | Reached skill level 15 in Long Blades
 73607 | Vaults:5 | Reached skill level 10 in Spellcasting
 73746 | Vaults:5 | Found Wuickuk's General Store.
 73901 | Vaults:5 | Got a silver rune of Zot
 76877 | Elf:2    | Found a runed translucent door.
 76901 | Elf:2    | Found a runed translucent door.
 77179 | Elf:2    | Reached XP level 22. HP: 192/192 MP: 37/41
 77692 | Elf:3    | Entered Level 3 of the Elven Halls
 77926 | Elf:3    | Noticed Donald
 77929 | Elf:3    | Killed Donald
 78211 | Elf:3    | Found Bahur's Weapon Boutique.
 78664 | Elf:3    | Identified the ring "Gigug" {rC+ Int+4 Dex-2 SInv}
 78710 | Elf:3    | Identified the +9 lajatang "Dragonslayer" {vorpal, Contam
                  | *Rage rF+++ Dex+2}
 78737 | Elf:3    | Identified the +5 flail of Xasha {venom, rC+ Int+2}
 78756 | Elf:3    | Identified the ring "Jitynus" {Wiz rPois rF+ MP+9 SInv}
 78819 | Elf:3    | Identified the +1 pair of boots "Getoef" {rElec rPois
                  | Str-2}
 78848 | Elf:3    | Identified the +5 glaive "Bieb" {antimagic, rElec Int+4}
 78852 | Elf:3    | Identified the +5 scimitar of Triumph {flame, Fly rF+ rC-
                  | Will++}
 78856 | Elf:3    | Got the Omnibus of Hypothermia
 79882 | Depths:1 | Entered Level 1 of the Depths
 79977 | Depths:1 | Found a gateway to Hell.
 80081 | Depths:1 | Found a flickering gateway to a bazaar.
 80093 | Bazaar   | Entered a bazaar
 80096 | Bazaar   | Found Jennaac's Weapon Boutique.
 80104 | Bazaar   | Bought the +10 scimitar "Icycuipp" {vamp, Will++} for 581
                  | gold pieces
 80105 | Bazaar   | Found Hizavoma's Assorted Antiques.
 80110 | Bazaar   | Found Owaf's Book Shop.
 80115 | Bazaar   | Found Imiat's Antique Armour Shop.
 80124 | Bazaar   | Found Joduleall's Book Shop.
 80132 | Bazaar   | Bought a manual of Ranged Weapons for 1280 gold pieces
 80154 | Depths:1 | Identified the +10 mace of Precise Incision {freeze, Dex+4}
 80209 | Depths:1 | Found a magical portal.
 80287 | WizLab   | Entered The Chambers of the Cloud Mage
 80411 | WizLab   | Paralysed by an air elemental for 1 turns
 80432 | WizLab   | Paralysed by an air elemental for 1 turns
 80665 | WizLab   | Paralysed by an air elemental for 1 turns
 80679 | WizLab   | Paralysed by an air elemental for 1 turns
 81063 | WizLab   | Paralysed by you for 3 turns
 81585 | WizLab   | Got Vofo's Essays on the Shivering Lungs
 81587 | WizLab   | Got the Tome of the Atmosphere
 82057 | Lair:1   | Upgraded the game from 0.29-a0-878-g7b45a56547 to
                  | 0.29-a0-885-gb26ba3297d
 82783 | Depths:1 | Noticed a juggernaut
 82794 | Depths:1 | Killed a juggernaut
 83099 | Depths:1 | Noticed Sojobo
 83143 | Depths:1 | Killed Sojobo
 83178 | Depths:1 | Reached XP level 23. HP: 165/213 MP: 42/42
 84070 | Depths:1 | Found a gateway to Hell.
 84962 | Depths:2 | Identified the +7 kite shield "Dimp" {SInv}
 84962 | Depths:2 | Noticed Asterion
 84977 | Depths:2 | Killed Asterion
 85143 | Depths:2 | Found Sedotet's Magic Scroll Shop.
 85679 | Depths:2 | Found Big Baal Hell's Store.
 85859 | Depths:2 | Found a one-way gate leading to the halls of Pandemonium.
 86157 | Depths:2 | Paralysed by you for 4 turns
 87079 | Slime:1  | Entered Level 1 of the Pits of Slime
 88413 | Slime:2  | Gained mutation: You are partially covered in iridescent
                  | scales. (AC +2) [a shining eye]
 88924 | Slime:5  | Entered Level 5 of the Pits of Slime
 88954 | Slime:4  | Reached skill level 10 in Evocations
 89401 | Slime:4  | Paralysed by a great orb of eyes for 4 turns
 89799 | Slime:5  | Noticed the Royal Jelly
 89860 | Slime:5  | Killed the Royal Jelly
 90164 | Slime:5  | Gained mutation: You do not regenerate when monsters are
                  | visible. [a shining eye]
 90166 | Slime:5  | Gained mutation: Armour fits poorly on your strangely
                  | shaped body. [a shining eye]
 90168 | Slime:5  | Gained mutation: You are weak. (Str -2) [a shining eye]
 90171 | Slime:5  | Identified the ring of Laevvoma {Fire rElec Will++ rCorr
                  | Stlth-}
 90219 | Slime:5  | Identified the +11 dagger "Jonk" {chaos, *Noise rCorr MP+9
                  | Stlth+}
 90226 | Slime:5  | Identified the amulet of Peyxae {rN+ Regen+}
 90240 | Slime:5  | Identified the +3 trident "Luvviz" {vorpal, MP+9}
 90274 | Slime:5  | Got a slimy rune of Zot
 90275 | Slime:5  | Identified the +8 great sword of Anguish {drain, Int+2
                  | Dex+2 SInv}
 90354 | Slime:5  | Identified the +8 dagger of Namazut {antimagic, Str+3 Int+4
                  | Dex+6}
 90735 | Lair:1   | Acquired 1234 gold pieces
 90917 | Depths:3 | Found a one-way gate to the infinite horrors of the Abyss.
 91269 | Depths:3 | Paralysed by a sphinx for 5 turns
 91317 | Depths:3 | Reached XP level 24. HP: 224/224 MP: 42/42
 91339 | Depths:3 | Found a one-way gateway to a ziggurat.
 91583 | Depths:3 | Acquired 771 gold pieces
 92103 | Depths:3 | Noticed Boris
 92109 | Depths:3 | Killed Boris
 92144 | Depths:3 | Got Nimiug's Tome of Shadowy Minerals
 92295 | Depths:3 | Identified the +6 dagger of Gloom {venom, Int+5 SInv
                  | Stlth+}
 93120 | Depths:4 | Entered Level 4 of the Depths
 93560 | Depths:4 | Found a gate to the Realm of Zot.
 93693 | Depths:4 | Noticed Jory
 93700 | Depths:4 | Killed Jory
 94109 | Depths:4 | Identified the +0 hat of Howling Wind {rC- rN+ rCorr}
 94124 | Depths:4 | Found the +1 robe of Vines {NoPotionHeal Regen++++}
 94132 | Depths:4 | Identified the +0 hat "Egri" {rC+ SInv}
 95058 | Zot:1    | Entered Level 1 of the Realm of Zot
 96243 | Zot:1    | Noticed a Killer Klown
 96264 | Zot:1    | Noticed a Killer Klown
 96267 | Zot:1    | Killed a Killer Klown
 96306 | Zot:1    | Killed a Killer Klown
 96988 | Lair:1   | Upgraded the game from 0.29-a0-885-gb26ba3297d to
                  | 0.29-a0-887-gcbe080d7e0
 97419 | Zot:2    | Noticed a Killer Klown
 97434 | Zot:2    | Killed a Killer Klown
 98078 | Zot:2    | Reached XP level 25. HP: 235/235 MP: 43/43
 98436 | Depths:2 | Bought the +10 longbow "Miyxuriph" {holy, rElec rF+ Stlth+}
                  | for 5643 gold pieces
 99003 | Crypt:1  | Entered Level 1 of the Crypt
 99817 | Crypt:1  | Noticed Saint Roka
 99825 | Crypt:1  | Killed Saint Roka
101967 | Lair:1   | Acquired a +3 triple crossbow of freezing
103019 | Zot:3    | Reached skill level 23 in Ranged Weapons
104135 | Crypt:3  | Entered Level 3 of the Crypt
104321 | Crypt:3  | Reached skill level 24 in Ranged Weapons
105425 | Crypt:3  | Identified the +6 flail "Ehesyk" {flame, Str+2}
105425 | Crypt:3  | Noticed Boris
105436 | Crypt:3  | Killed Boris
105947 | Crypt:3  | Noticed Khufu
105952 | Crypt:3  | Killed Khufu
105953 | Crypt:3  | Reached skill level 25 in Ranged Weapons
106049 | Crypt:3  | Found a staircase to the Tomb.
106065 | Crypt:3  | Got Udiosh's Compendium of the Mausoleum
106084 | Crypt:3  | Got the Monograph on Meteoric Hypothermia
107150 | Zot:3    | Reached XP level 26. HP: 86/244 MP: 43/43
107781 | Lair:1   | Lost mutation: You do not regenerate when monsters are
                  | visible. [potion of mutation]
107781 | Lair:1   | Lost mutation: Armour fits poorly on your strangely shaped
                  | body. [potion of mutation]
107781 | Lair:1   | Lost mutation: You are partially covered in iridescent
                  | scales. (AC +2) [potion of mutation]
107781 | Lair:1   | Gained mutation: You are partially covered in iridescent
                  | scales. (AC +2) [potion of mutation]
107781 | Lair:1   | Gained mutation: You possess an exceptional clarity of
                  | mind. [potion of mutation]
107781 | Lair:1   | Gained mutation: You expend magic power (3 MP) to
                  | strengthen your wands. [potion of mutation]
108263 | Zot:4    | Reached skill level 26 in Ranged Weapons
109759 | Depths:3 | Voluntarily entered the Abyss.
110145 | Abyss:2  | Noticed an ancient lich
110162 | Abyss:2  | Killed an ancient lich
110605 | Abyss:3  | Got an abyssal rune of Zot
110989 | Depths:3 | Escaped the Abyss
111853 | Pan      | Entered Pandemonium
111995 | Pan      | Found an exit through the horrors of the Abyss.
112045 | Pan      | Gained mutation: You occasionally shout uncontrollably at
                  | your foes. [a neqoxec]
112924 | Pan      | Gained mutation: You are very weak. (Str -4) [a neqoxec]
113113 | Pan      | Noticed Inod Leg the pandemonium lord
113132 | Pan      | Killed Inod Leg the pandemonium lord
113740 | Pan      | Noticed Ypluas the pandemonium lord
113753 | Pan      | Killed Ypluas the pandemonium lord
113782 | Pan      | Reached skill level 10 in Armour
114490 | Pan      | Noticed Maofu the pandemonium lord
114501 | Pan      | Killed Maofu the pandemonium lord
114677 | Pan      | Reached XP level 27. HP: 254/254 MP: 43/43
115000 | Pan      | Reached skill level 10 in Stealth
115500 | Pan      | Found an exit through the horrors of the Abyss.
115687 | Pan      | Noticed Waasel the pandemonium lord
115698 | Pan      | Killed Waasel the pandemonium lord
115727 | Pan      | Identified the +1 sling of Rivieceumm {vorpal, Will+
                  | Stlth+}
116732 | Pan      | Noticed Xowoep the pandemonium lord
116745 | Pan      | Killed Xowoep the pandemonium lord
116965 | Pan      | Found an exit through the horrors of the Abyss.
117273 | Depths:2 | Escaped Pandemonium
117504 | Lair:1   | Acquired 639 gold pieces
117514 | Lair:1   | Acquired a manual of Spellcasting
117749 | Pan      | Entered the realm of Mnoleg.
117749 | Pan      | Entered Pandemonium
117749 | Pan      | Noticed Mnoleg
117752 | Pan      | Gained mutation: You are dopey. (Int -2) [a cacodemon]
117754 | Pan      | Gained mutation: Your body sometimes deteriorates upon
                  | taking damage. [a shining eye]
117783 | Pan      | Paralysed by a floating eye for 2 turns
117792 | Pan      | Paralysed by a floating eye for 2 turns
117797 | Pan      | Paralysed by a floating eye for 4 turns
117797 | Pan      | HP: 10/254 [acid (5)]
117798 | Pan      | Mangled by a sixfirhy

Illustrated notes

Levels and vault maps discovered:
D:1:      dpeg_arrival_water_fire, layout_basic
D:2:      layout_basic, serial_shops, nicolae_shop_waterfront,
          ebering_ecumenical_altar_petrified, minivault_24, uniq_robin
D:3:      layout_basic, hangedman_glass_teeth, uniq_grinder
D:4:      layout_basic, serial_shops, nicolae_shop_advertising_works
          [nicolae_subvault_shop_adworks], grunt_decor_junction
D:5:      layout_basic, minmay_temple_entry_poolview, serial_shops,
          nicolae_shop_stone, minmay_misc_feat_enclosed
D:6:      layout_loops_ring, grunt_temple_overflow_growth_and_decay, uniq_edmund
D:7:      minmay_chambers_of_sixes, layout_cave_pools,
          nicolae_qazlal_scattered_showers, serial_undead, serial_undead_d,
          serial_undead_a, serial_undead_c, serial_undead_f,
          minmay_fractal_squares_gapless_5, uniq_menkaure
D:8:      minmay_the_grid_octo_tiled_octocenter [minmay_the_grid_octo_toaster,
          minmay_the_grid_octo_concentric, minmay_the_grid_octo_teeth,
          minmay_the_grid_octo_focus, minmay_the_grid_octo_prize_single_spiral,
          minmay_the_grid_square_5x5_checkered_statues,
          minmay_the_grid_square_5x5_inverted_slash,
          minmay_the_grid_square_5x5_inner_z,
          minmay_the_grid_square_5x5_gyroscope], layout_loops_ring,
          item_on_display_a, uniq_erica, uniq_maurice
D:9:      layout_rooms, lair_entry_dummy, orc_david_3, serial_curves,
          eino_curves_02, eino_curves_03, uniq_harold
D:10:     layout_loops_corners, chequers_temple_overflow_minitemple
D:11:     minmay_twisted_water, layout_irregular_city
D:12:     layout_cave_pools, dk_noncrumbling_2, uniq_kirke, uniq_erolcha,
          uniq_sonja
D:13:     mludivico_vault, layout_grid_maze, st_stairs_9,
          nicolae_dithmenos_through_a_glass_darkly
D:14:     layout_irregular_city, grunt_vaults_entry_tiered,
          minmay_misc_feat_tiny, portal_ice_cave_entry_ugly_swarm, serial_shops,
          nicolae_square_shop
D:15:     gammafunk_depths_entry_grave, layout_basic, grunt_decor_arrowhead,
          minmay_misc_feat_rugged
Temple:   nicolae_temple_two_arcs
Lair:1:   layout_hall_layers, serial_bayou_crossing, uniq_urug
Lair:2:   layout_chaotic_city, elwin_shoals_entry_stream,
          minmay_snake_entry_six_corridors, serial_bayou_shore_a
Lair:3:   layout_roguey [special_room_bee], wad_woods_02
Lair:4:   layout_loops_ring, dpeg_oklob_1, lemuel_fruit_tree
Lair:5:   beast_lair_carwin_large_2, layout_small_grid,
          infiniplex_staircase_pool
Lair:6:   hangedman_lair_in_review, layout_gridlike,
          hangedman_lair_caniforms_friends, dpeg_slime_entry_enclosed,
          lookout_lair_type
Shoals:1: layout_shoals, ebering_ghost_reflecting_pool, uniq_josephine
Shoals:2: layout_shoals, uniq_nikola, uniq_polyphemus
Shoals:3: layout_shoals, serial_shops, bzr_entry_road
Shoals:4: shoals_end_hangedman, layout_shoals, serial_shops,
          nicolae_diamond_shop
Snake:1:  layout_cave_pods, nicolae_wooded_promenade, uniq_jorgrun
Snake:2:  layout_grid_maze, grunt_megastairs_5
Snake:3:  layout_onion_interference
Snake:4:  minmay_snake_end_coiled, layout_chambers, uniq_aizul, uniq_agnes
Slime:1:  layout_caves
Slime:2:  layout_caves
Slime:3:  layout_caves
Slime:4:  layout_caves, cheibrodos_slime_lost_civilization_7
Slime:5
Orc:1:    layout_caves, basic_altar, bh_open_orc_temple
Orc:2:    pubby_orc_utopia
Elf:1:    eino_elf_arrival_shootout, layout_gridlike, serial_shops,
          nicolae_shop_waterfront, serial_aquarium, aquarium_bridge_island_small
          [aquarium_subvault_small_water, aquarium_subvault_wall,
          aquarium_subvault_bridge, aquarium_subvault_wall,
          aquarium_subvault_bridge], aquarium_window_1, aquarium_window_fake,
          aquarium_window_corner, aquarium_view_2c, aquarium_view_2d,
          aquarium_balcony_3a, aquarium_pool_2, kennysheep_underground_church,
          minmay_elf_sorcery
Elf:2:    nicolae_elf_blades_splatter_lattice
          [nicolae_blade_entry_splitting_headache], layout_rooms
Elf:3:    grunt_elf_hall_asides, layout_rooms, serial_shops,
          nicolae_shop_bloodbath_and_beyond, uniq_donald
Vaults:1: gammafunk_ghost_door_vault, nicolae_vaults_disjoint_gnomons,
          v_misc_26, v_pattern_4, v_misc_29, nicolae_vaults_know_your_exits,
          vaults_room_large_hall, v_rooms_5, ontoclasm_vaults_ring_small,
          dpeg_vaults_monster_row, grunt_vaults_hallway_short,
          vaults_room_semicircle, ontoclasm_vaults_loading_screen,
          layout_vaults_omnicross, serial_shops, nicolae_shop_stone
Vaults:2: v_misc_22, v_misc_26, nicolae_vaults_an_arrangement, v_misc_26,
          nicolae_vaults_yaktaur_gun_rack, minmay_crypt_entry_necro_gods,
          grunt_vaults_hallway_long, vaults_room_hallway,
          layout_vaults_chaotic_city
Vaults:3: nicolae_vaults_ring_of_whatevers, v_pattern_3,
          nicolae_vaults_ring_of_whatevers, vaults_dpeg_diagonal, v_misc_23,
          nicolae_vaults_what_the_h, nicolae_vaults_good_morning_starshine,
          vaults_standard_mumra_enter_the_diamond, ontoclasm_vaults_gateway,
          grunt_vaults_hallway_short, hangedman_vaults_nails,
          nicolae_vaults_asterisk, grunt_vaults_trifunnel, v_misc_11,
          nicolae_vaults_little_squares_6, vaults_room_pool,
          layout_vaults_maze_snakey
Vaults:4: ontoclasm_vaults_spin, ontoclasm_vaults_bender,
          nicolae_vaults_mini_display_case, v_misc_28, grunt_vaults_funnel,
          nicolae_vaults_big_angled_halls, grunt_vaults_hallway_short,
          grunt_vaults_swirl, nicolae_vaults_halls_meeting, v_misc_30,
          vaults_room_stairs_pillars, v_misc_14, vaults_dpeg_ring, v_misc_17,
          layout_vaults_omnibox
Vaults:5: serial_shops
Crypt:1:  layout_chaotic_city, grunt_crypt_arrival_webbed, uniq_saint_roka
Crypt:2:  layout_rooms
Crypt:3:  grunt_crypt_end_deaths_head
Depths:1: cheibrodos_leafed_vault, layout_basic, mu_enter_wizlab_7, hellmouth_1,
          nicolae_gozag_seed_capital, serial_shops, bzr_entry_lakeside,
          minmay_alternating_orb, uniq_sojobo
Depths:2: gammafunk_mikee_crab_dinner, layout_gridville, serial_shops,
          nicolae_shop_hallway_plus, rand_demon_pan_entry_1, bh_walls_and_bars,
          nicolae_hell_entry_big_baal_hell, uniq_asterion
Depths:3: evilmike_halls_of_destruction, layout_gridville, enter_ziggurat_b,
          fedhas_altar_4, serial_rivers, chequers_serial_rivers_micro_e,
          chequers_serial_rivers_micro_a, chequers_serial_rivers_large_b,
          chequers_serial_rivers_room_a, chequers_serial_rivers_marsh,
          chequers_serial_rivers_small_b, abyss_entry,
          hangedman_tar_grid_catacomb
Depths:4: grunt_zot_entry_funnels, layout_twisted_cross, hell_entry,
          grunt_tower_of_power, uniq_jory
Zot:1:    grunt_zot_stairs_faceoff, layout_onion
Zot:2:    layout_twisted_circle, grunt_ministairs_9
Zot:3:    layout_basic
Zot:4:    layout_onion, grunt_megastairs_3
Pan:      evilmike_mini_pan_thingy, layout_chambers, pan_blood_fountain,
          evilmike_mini_pan_pillars_b, layout_rooms, evilmike_mini_pan_layers,
          layout_basic, evilmike_mini_pan_doors_b, layout_rooms,
          nicolae_pan_cerebovesque_1, evilmike_mini_pan_doors_b,
          layout_long_grid, mnoleg_grunt_wretched_star, layout_pan_divisions_a
          [pan_division_quadrant_a2, pan_division_quadrant_a3,
          pan_division_quadrant_a3, pan_division_quadrant_a1,
          pan_division_octagon_divided]

Skill      XL: |  1  2  3  4  5  6  7  8  9 10 11 12 13 14 15 16 17 18 19 20 21 22 23 24 25 26 27 |
---------------+----------------------------------------------------------------------------------+-----
Dodging        | 2 3 4 5 6 7 10 12 13 15 17 19 20 21 22 | 22.0
Fighting       | 1 2 3 4 5 6 10 12 13 15 19 20 21 22 | 22.0
Spellcasting   | 2 3 4 5 6 10 11 | 11.0
Ice Magic      | 4 5 6 7 13 15 16 | 16.0
Ranged Weapons | 3 4 8 9 10 12 14 16 17 20 22 25 26 | 26.0
Long Blades    | 4 6 8 11 17 19 | 19.6
Air Magic      | 3 |  3.0
Transmutations | 2 |  2.0
Armour         | 5 7 10 13 | 13.1
Poison Magic   | 2 |  2.0
Hexes          | 2 |  2.0
Conjurations   | 2 |  2.0
Short Blades   | 4 6 |  6.0
Translocations | 2 |  2.0
Stealth        | 5 9 10 | 10.0
Evocations     | 5 10 | 10.0

Action                   |  1- 3 |  4- 6 |  7- 9 | 10-12 | 13-15 | 16-18 | 19-21 | 22-24 | 25-27 || total
-------------------------+-------+-------+-------+-------+-------+-------+-------+-------+-------++-------
Melee: Short sword       |     7 |       |       |       |       |       |       |       |       ||     7
       Dagger            |    23 |    61 |    50 |       |       |       |       |       |       ||   134
       Punch             |       |     1 |     1 |     4 |     8 |       |       |    14 |    10 ||    38
       Long sword        |       |       |     7 |    93 |   575 |       |       |       |       ||   675
       Falchion          |       |       |     3 |     4 |       |       |       |       |       ||     7
       Scimitar          |       |       |       |     5 |    14 |       |       |   318 |    78 ||   415
       Great sword       |       |       |       |       |     3 |       |       |    30 |    42 ||    75
       Pair of quick bla |       |       |       |       |   108 |  1171 |   865 |   732 |   137 ||  3013
       Eudemon blade     |       |       |       |       |       |       |       |       |   148 ||   148
 Fire: Sling             |     9 |   103 |    73 |       |       |       |       |       |       ||   185
       Shortbow          |       |       |   112 |   514 |  1097 |  1342 |    48 |       |       ||  3113
       Longbow           |       |       |       |       |       |   199 |  1181 |  1529 |  1365 ||  4274
       Arbalest          |       |       |       |       |       |       |     4 |    19 |       ||    23
       Triple crossbow   |       |       |       |       |       |       |       |       |   207 ||   207
 Cast: Freeze            |    63 |     1 |     4 |     1 |     2 |       |     1 |       |       ||    72
       Ozocubu's Armour  |     2 |    11 |    32 |    80 |   175 |   230 |   156 |   209 |   201 ||  1096
       Frozen Ramparts   |       |    12 |    29 |    81 |    94 |    64 |    47 |    14 |     6 ||   347
       Slow              |       |       |       |     1 |       |       |       |       |       ||     1
       Mephitic Cloud    |       |       |       |       |     5 |     1 |       |       |       ||     6
       Wereblood         |       |       |       |       |     2 |       |       |       |       ||     2
       Ozocubu's Refrige |       |       |       |       |       |     8 |    20 |    16 |       ||    44
       Blink             |       |       |       |       |       |       |     1 |       |       ||     1
       Portal Projectile |       |       |       |       |       |       |       |       |     5 ||     5
Evoke: Wand              |       |       |     3 |       |       |    15 |     4 |    34 |     1 ||    57
  Use: Scroll            |       |       |     9 |    19 |     5 |    17 |     8 |    13 |     6 ||    77
       Potion            |       |       |       |     6 |    14 |     4 |       |     5 |     1 ||    30
 Stab: Sleeping          |     5 |       |       |       |     2 |     3 |     1 |     2 |     1 ||    14
       Confused          |       |       |       |       |     1 |       |       |     1 |       ||     2
       Distracted        |       |       |       |       |     1 |       |       |       |     1 ||     2
       Petrifying        |       |       |       |       |       |       |       |     1 |       ||     1
       Invisible         |       |       |       |       |       |       |       |     3 |       ||     3
Armor: Robe              |    12 |    12 |    42 |    73 |       |       |       |       |       ||   139
       Skin              |       |       |       |     4 |       |       |       |       |       ||     4
       Steam dragon scal |       |       |       |     7 |   298 |   218 |   137 |   248 |   204 ||  1112
Dodge: Dodged            |    52 |    76 |   173 |   379 |  1883 |  1068 |   917 |  1343 |  1352 ||  7243

Table legend: (Time is in decaauts)
 A = Elapsed time spent in this place.
 B = Non-inter-level travel time spent in this place.
 C = Inter-level travel time spent in this place.
 D = Time resting spent in this place.
 E = Time spent auto-exploring this place.
 F = Levels seen in this place.
 G = Mean time per level.
                   A        B        C        D        E       F      G
               +--------+--------+--------+--------+--------+-----+--------+
         Total | 114064 |  85990 |  28074 |  25179 |  27709 |  69 | 1653.1 |
       Dungeon |  31643 |  19472 |  12171 |   5967 |   8179 |  15 | 2109.5 |
        Temple |     48 |     42 |      6 |      0 |      0 |   1 |   48.0 |
          Lair |  14609 |  11454 |   3155 |   4497 |   3740 |   6 | 2434.8 |
        Shoals |   5874 |   4840 |   1034 |    925 |    506 |   4 | 1468.5 |
     Snake Pit |   7316 |   6153 |   1163 |   1382 |   2413 |   4 | 1829.0 |
    Slime Pits |   3187 |   3046 |    141 |    543 |     60 |   5 |  637.4 |
  Orcish Mines |   4409 |   3090 |   1319 |    796 |    432 |   2 | 2204.5 |
   Elven Halls |   4402 |   3453 |    949 |    716 |   1451 |   3 | 1467.3 |
        Vaults |  14630 |  10712 |   3918 |   3366 |   2831 |   5 | 2926.0 |
         Crypt |   4911 |   4576 |    335 |   2202 |    523 |   3 | 1637.0 |
        Depths |   9254 |   6541 |   2713 |   1356 |   3142 |   4 | 2313.5 |
           Zot |   5276 |   4111 |   1165 |   1205 |   1495 |   4 | 1319.0 |
         Abyss |   1058 |   1058 |      0 |    272 |    131 |   3 |  352.7 |
   Pandemonium |   5171 |   5171 |      0 |   1018 |   2789 |   6 |  861.8 |
        Bazaar |    136 |    136 |      0 |      0 |      0 |   2 |   68.0 |
      Ice Cave |    812 |    812 |      0 |    245 |     15 |   1 |  812.0 |
        Wizlab |   1322 |   1322 |      0 |    681 |      0 |   1 | 1322.0 |
               +--------+--------+--------+--------+--------+-----+--------+

Top non-repeatable levels by time:
Vaults:1: 4259 daAuts
  Lair:1: 3595 daAuts
   Orc:2: 3532 daAuts
     D:9: 3517 daAuts
Depths:1: 3065 daAuts
    D:13: 2959 daAuts
  Lair:6: 2948 daAuts
  Lair:2: 2879 daAuts
    D:14: 2820 daAuts
Depths:2: 2787 daAuts
Vaults:2: 2783 daAuts
Vaults:4: 2776 daAuts
Vaults:3: 2550 daAuts
    D:11: 2469 daAuts
    D:10: 2445 daAuts
